 Dungeon Crawl Stone Soup version 0.18.1-47-g9310371 (webtiles) character file.

6868 Gargoyl the Protected (level 10, 0/79 HPs)
             Began as a Demonspawn Abyssal Knight on June 14, 2016.
             Was a High Priest of Lugonu.
             Slain by Ery's ghost (17 damage)
             ... on level 2 of the Orcish Mines.
             The game lasted 00:18:22 (8413 turns).

Gargoyl the Protected (Demonspawn Abyssal Knight)   Turns: 8413, Time: 00:18:23

Health: 0/79       AC: 26    Str: 16    XL:     10   Next: 78%
Magic:  12/12      EV:  6    Int: 14    God:    Lugonu [*****.]
Gold:   406        SH:  7    Dex: 11    Spells: 0 memorised, 9 levels left

rFire  . . .     SeeInvis +     J - +2 hand axe (elec)
rCold  . . .     Gourm    .     r - +0 plate armour
rNeg   . . .     Faith    .     g - +3 warlock's mirror {reflect}
rPois  .         Spirit   .     y - +0 helmet
rElec  .         Dismiss  .     M - +1 cloak
rCorr  .         Reflect  +     (no gloves)
SustAt +         Harm     .     k - +2 pair of boots
MR     .....                    (no amulet)
Stlth  ..........               F - ring of sustain attributes
                                f - ring of see invisible

@: not resistant to hostile enchantments, extremely unstealthy
A: claws 2, rough black scales 1, demonic guardian 1, spiny 1
a: Depart the Abyss, Bend Space, Banish, Corrupt, Enter the Abyss, Renounce
Religion


You were on level 2 of the Orcish Mines.
You worshipped Lugonu.
Lugonu was extremely pleased with you.
You were not hungry.

You visited 2 branches of the dungeon, and saw 11 of its levels.
You visited the Abyss 1 time.
You also visited: Ossuary.

You collected 866 gold pieces.
You spent 460 gold pieces at shops.

Inventory:

Hand Weapons
 u - a +0 war axe
 J - a +2 hand axe of electrocution (weapon)
Missiles
 w - 124 arrows
Armour
 g - the +3 warlock's mirror (worn) {reflect}
   (You acquired it on level 7 of the Dungeon)
 k - a +2 pair of boots (worn)
 r - a +0 plate armour (worn)
 y - a +0 helmet (worn)
 M - a +1 cloak (worn)
Jewellery
 f - a ring of see invisible (left claw)
 A - an uncursed ring of protection from cold
 F - a ring of sustain attributes (right claw)
Wands
 a - a wand of digging (18/24)
 G - a wand of polymorph (17/24)
 L - a wand of paralysis (13/24)
Scrolls
 b - 2 scrolls of recharging
 l - 3 scrolls of magic mapping
 n - 5 scrolls of identify
 p - 2 scrolls of teleportation
 D - 5 scrolls of remove curse
Potions
 d - a potion of resistance {unknown}
 e - 3 potions of cancellation {unknown}
 h - 2 potions of agility {unknown}
 i - 3 potions of haste {unknown}
 q - a potion of cure mutation {unknown}
 t - 2 potions of degeneration {unknown}
 v - a potion of flight {unknown}
 x - 4 potions of heal wounds {unknown}
 z - 2 potions of brilliance {unknown}
 B - 5 potions of curing {unknown}
 C - a potion of beneficial mutation {unknown}
 E - 2 potions of lignification {unknown}
 I - a potion of mutation {unknown}
Comestibles
 c - 4 bread rations
 j - 4 meat rations
 m - a chunk of flesh
 s - a slice of pizza
 H - 15 fruits


   Skills:
 + Level 7.6 Fighting
 + Level 6.8(6.9) Axes
   Level 1.2(4.4) Polearms
 * Level 10.6 Armour
 + Level 3.7 Dodging
 + Level 1.7 Stealth
 + Level 3.5 Shields
 + Level 3.0 Invocations


You had 9 spell levels left.
You didn't know any spells.

Dungeon Overview and Level Annotations

Branches:
Dungeon (9/15)             Temple (0/1) D:6            Lair (0/8) D:8
    Orc (2/2) D:9
    Elf: Orc:2

Altars:
Ashenzari
Cheibriados
Dithmenos
Fedhas
Kikubaaqudgha
Makhleb
Nemelex Xobeh
Okawaru
Ru
Sif Muna
Trog
Vehumet

Shops:
D:4 %   D:7 (   D:8 (   Orc:1 %

Annotations:
D:9 Blork the orc
Orc:2 Ery's ghost, journeyman MiBe


Innate Abilities, Weirdness & Mutations

You have very sharp fingernails.
You are partially covered in rough black scales (AC +4, Dex -1).
A weak demonic guardian rushes to your aid.
You are partially covered in sharp spines.


Message History

Your quasit closely misses Ery's ghost.
Press: ? - help, Shift-Dir - straight line, f - Ery's ghost
Aim: Ery's ghost, wielding a vampiric weapon (moderately damaged, chance to defeat MR: 23%)
You fail to use your ability.
Ery's ghost hits you but does no damage.
Your quasit bites Ery's ghost but does no damage.
Your quasit claws Ery's ghost but does no damage. x2
Press: ? - help, Shift-Dir - straight line, f/p - Ery's ghost
Aim: Ery's ghost, wielding a vampiric weapon (moderately damaged, chance to defeat MR: 23%)
You fail to use your ability.
Ery's ghost hits you but does no damage.
Your quasit bites Ery's ghost but does no damage.
Your quasit claws Ery's ghost but does no damage.
Your quasit barely misses Ery's ghost.
You hit Ery's ghost but do no damage.
There is a sudden explosion of sparks!
Ery's ghost is moderately damaged.
Your quasit barely misses Ery's ghost.
Your quasit claws Ery's ghost.
Your quasit claws Ery's ghost but does no damage.
Ery's ghost hits you!
You die...

##...##...........
#....#..........#.
#...##........#...
#...#.....##..####
##..##.....# ###
#..)#....$.#
#.........# ..
##........##....
#8......)@)......
+.......5W).....<
#8......)).......
###........##....
#.........# ...
#..........# ..
#..........# #
#..........#
.....#......


You could see Ery's ghost and a friendly quasit.

Vanquished Creatures
  Pikel (D:4)
  Eustachio (D:4)
  Maurice (D:9)
  An elephant (D:8)
  A centaur skeleton (D:6)
  2 trolls
  The ghost of Gargoyl the Covered, an amateur DsAK of Lugonu (D:3)
  A two-headed ogre (Orc:2)
  Prince Ribbit (D:8)
  2 hippogriffs
  Grum (D:9)
  A warg (Orc:1)
  3 water moccasins
  4 orc warriors
  2 ice beasts
  A phantom (D:5)
  3 sky beasts
  A slave (D:4)
  A black bear (D:6)
  3 ogres
  2 wolves (D:9)
  4 centaurs
  A crocodile (D:8)
  3 giant frogs
  3 elf zombies (Ossuary)
  2 scorpions (D:8)
  4 howler monkeys
  5 crimson imps
  A jelly (D:9)
  6 orc wizards
  3 hounds
  2 human zombies (Ossuary)
  3 orc priests
  A giant frog skeleton (D:9)
  An iguana (D:8)
  A worker ant (D:9)
  A sheep (D:8)
  3 hound skeletons
  3 mummies (Ossuary)
  A howler monkey skeleton (D:5)
  4 gnolls (D:6)
  6 adders
  A shadow imp (D:6)
  An ooze (D:4)
  4 adder zombies
  An adder skeleton (D:9)
  3 worms
  4 dart slugs
  3 giant geckos
  39 orcs
  3 giant cockroaches
  2 gnoll zombies (Ossuary)
  5 hobgoblins
  2 jackals (D:4)
  5 quokkas
  3 ball pythons
  14 bats
  3 giant newts
  6 goblins (D:3)
  3 goblin zombies (Ossuary)
  4 hobgoblin zombies (Ossuary)
  3 jackal zombies (Ossuary)
  3 kobolds
  7 kobold zombies (Ossuary)
  2 orc zombies (Ossuary)
  A quokka skeleton (D:8)
  2 quokka zombies (Ossuary)
  6 rats
  2 rat zombies (Ossuary)
224 creatures vanquished.

Vanquished Creatures (collateral kills)
  Menkaure (D:7)
  A giant frog (D:6)
  A scorpion (D:5)
  A howler monkey (D:7)
  An orc wizard (D:4)
  An orc priest (D:4)
  A centaur skeleton (D:6)
  A worm (D:3)
  7 orcs
  A bat (D:3)
16 creatures vanquished.

Vanquished Creatures (others)
  2 slaves (D:4)
  An orc priest (D:4)
  An orc wizard (D:4)
  2 orcs (D:4)
6 creatures vanquished.

Grand Total: 246 creatures vanquished

Notes
Turn   | Place    | Note
--------------------------------------------------------------
     0 | Abyss:1  | Gargoyl the Demonspawn Abyssal Knight began the quest for the Orb.
     0 | Abyss:1  | Reached XP level 1. HP: 18/18 MP: 2/2
    29 | Abyss:1  | Noticed a frost giant skeleton
    62 | Abyss:1  | Noticed a small abomination
    77 | D:1      | Escaped the Abyss
   525 | D:1      | Reached skill level 1 in Dodging
   525 | D:1      | Gained mutation: You are partially covered in sharp spines. [demonic ancestry]
   525 | D:1      | Reached XP level 2. HP: 24/24 MP: 3/3
   620 | D:1      | Reached * piety under Lugonu
  1006 | D:2      | Found a snail-covered altar of Cheibriados.
  1057 | D:2      | Found a blossoming altar of Fedhas.
  1058 | D:2      | Found a shattered altar of Ashenzari.
  1167 | D:2      | Gained mutation: A weak demonic guardian rushes to your aid. [demonic ancestry]
  1167 | D:2      | Reached XP level 3. HP: 27/29 MP: 5/5
  1250 | D:2      | Reached skill level 2 in Armour
  1517 | D:3      | Reached XP level 4. HP: 34/37 MP: 6/6
  1581 | D:3      | Noticed Gargoyl's ghost (amateur DsAK)
  1589 | D:3      | Reached ** piety under Lugonu
  1608 | D:3      | Killed Gargoyl's ghost
  1608 | D:3      | Reached skill level 3 in Armour
  1608 | D:3      | Gained mutation: You have sharp fingernails. [demonic ancestry]
  1608 | D:3      | Reached XP level 5. HP: 18/42 MP: 7/7
  2195 | D:3      | Reached skill level 1 in Polearms
  2246 | D:3      | Noticed an ogre
  2258 | D:3      | Killed an ogre
  2258 | D:3      | Reached skill level 1 in Stealth
  2258 | D:3      | Gained mutation: You have very sharp fingernails. [demonic ancestry]
  2258 | D:3      | Reached XP level 6. HP: 48/48 MP: 8/8
  2381 | D:4      | Found Akenk's Food Shop.
  2682 | D:4      | Reached skill level 4 in Armour
  2725 | D:4      | Noticed a slave
  2726 | D:4      | Noticed Pikel
  2726 | D:4      | Noticed a slave
  2726 | D:4      | Noticed a slave
  2726 | D:4      | Noticed a slave
  2735 | D:4      | Killed a slave
  2751 | D:4      | Killed Pikel
  2751 | D:4      | Reached skill level 5 in Armour
  2751 | D:4      | Gained mutation: You are partially covered in rough black scales (AC +4, Dex -1). [demonic ancestry]
  2751 | D:4      | Reached XP level 7. HP: 41/55 MP: 9/9
  2870 | D:4      | Found an iron altar of Okawaru.
  2897 | D:4      | Reached skill level 5 in Fighting
  3010 | D:4      | Noticed Eustachio
  3053 | D:4      | Killed Eustachio
  3053 | D:4      | Reached skill level 6 in Armour
  3053 | D:4      | Reached XP level 8. HP: 41/62 MP: 10/10
  3508 | D:5      | Entered Level 5 of the Dungeon
  3532 | D:5      | Reached *** piety under Lugonu
  4023 | D:6      | Reached skill level 7 in Armour
  4025 | D:6      | Found a radiant altar of Vehumet.
  4104 | D:6      | Found a staircase to the Ecumenical Temple.
  4198 | D:6      | Reached XP level 9. HP: 53/69 MP: 11/11
  4492 | D:6      | Found a bloodstained altar of Trog.
  4613 | D:6      | Reached skill level 5 in Axes
  4637 | D:6      | Reached skill level 8 in Armour
  5183 | D:7      | Found a sand-covered staircase.
  5195 | Ossuary  | Entered an ossuary
  5239 | Ossuary  | Reached **** piety under Lugonu
  5245 | Ossuary  | Reached skill level 1 in Shields
  5643 | D:7      | Noticed Menkaure
  5649 | D:7      | Killed Menkaure
  5907 | D:7      | Reached skill level 9 in Armour
  5927 | D:7      | Found Meuluqiu's Antique Weapon Shoppe.
  5930 | D:7      | Bought a transparent demon trident for 460 gold pieces
  5930 | D:7      | Identified the cursed +0 demon trident "Tormentor" {pain, *Noise rN+ SInv} (You bought it in a shop on level 7 of the Dungeon)
  5934 | D:7      | Identified a scroll of acquirement
  6099 | D:7      | Found a shadowy altar of Dithmenos.
  6231 | D:8      | Found a staircase to the Lair.
  6231 | D:8      | Noticed an elephant
  6249 | D:8      | Killed an elephant
  6302 | D:8      | Noticed Prince Ribbit
  6307 | D:8      | Killed Prince Ribbit
  6309 | D:8      | Reached XP level 10. HP: 50/77 MP: 12/12
  6520 | D:8      | Found Xigg's Antique Weapon Emporium.
  6885 | D:8      | Found a blossoming altar of Fedhas.
  6977 | D:8      | Found a burning altar of Makhleb.
  6999 | D:8      | Reached ***** piety under Lugonu
  7186 | D:9      | Noticed Grum
  7197 | D:9      | Killed Grum
  7302 | D:9      | Found a staircase to the Orcish Mines.
  7355 | D:9      | Noticed Maurice
  7368 | D:9      | Killed Maurice
  7368 | D:9      | Reached skill level 10 in Armour
  7540 | D:9      | Found a sparkling altar of Nemelex Xobeh.
  7618 | D:9      | Found a sacrificial altar of Ru.
  7861 | D:9      | Noticed Blork the orc
  7891 | D:9      | Noticed Blork
  7891 | D:9      | Blork the orc changed into Blork the porcupine
  7900 | D:9      | Found a deep blue altar of Sif Muna.
  7962 | D:9      | Found an ancient bone altar of Kikubaaqudgha.
  8051 | Orc:1    | Entered Level 1 of the Orcish Mines
  8131 | Orc:1    | Found Ducvaxy's Food Emporium.
  8271 | Orc:2    | Entered Level 2 of the Orcish Mines
  8384 | Orc:2    | Noticed Ery's ghost (journeyman MiBe)
  8413 | Orc:2    | Slain by Ery's ghost

Skill      XL: |  1  2  3  4  5  6  7  8  9 10 |
---------------+-------------------------------+-----
Dodging        | 1 2 3 |  3.7
Armour         | 2 3 5 6 7 9 10 | 10.6
Axes           | 2 3 4 5 6 |  6.8
Fighting       | 4 5 6 7 |  7.6
Polearms       | 1 |  1.2
Stealth        | 1 |  1.7
Invocations    | 3 |  3.0
Shields        | 2 3 |  3.5

Action                   |  1- 3 |  4- 6 |  7- 9 | 10-12 || total
-------------------------+-------+-------+-------+-------++-------
Melee: Spear             |    17 |       |       |       ||    17
       Hand axe          |    33 |    19 |   180 |   162 ||   394
       War axe           |       |    42 |   113 |       ||   155
Throw: Tomahawk          |       |     3 |       |     7 ||    10
Invok: Depart the Abyss  |     1 |       |       |       ||     1
Evoke: Wand              |       |       |       |     1 ||     1
  Use: Scroll            |       |     1 |    14 |     3 ||    18
  Eat: Chunk             |     2 |     4 |    11 |     4 ||    21
       Fruit             |       |       |     4 |       ||     4
Armor: Leather armour    |     5 |       |       |       ||     5
       Plate armour      |    13 |    53 |   193 |   120 ||   379
Dodge: Dodged            |    23 |     8 |    48 |    42 ||   121
Block: Buckler           |       |     3 |    52 |    56 ||   111
       Reflection        |       |       |     1 |     3 ||     4
